[Event "Match Sweden vs Denmark"]
[Site "Online"]
[Date "2020.12.08"]
[Round "4.3"]
[White "Thybo, Jesper Sondergaard"]
[Black "Johansson, Linus"]
[Result "1-0"]
[ECO "E06"]
[WhiteElo "2565"]
[BlackElo "2486"]
[Annotator "RC"]
[PlyCount "169"]
[EventDate "2020.12.11"]
[EventType "team-tourn"]
[EventCountry "NET"]
[SourceTitle "playchess.com"]
[Source "ChessBase"]
[SourceQuality "1"]
[TimeControl "600+5"]

1. d4 Nf6 2. c4 e6 3. g3 d5 4. Bg2 Be7 5. Nf3 O-O 6. O-O dxc4 7. Qc2 c6 8. Qxc4 b5 9. Qb3 Bb7 10. Bg5 Nbd7 11. Nbd2 a6 12. Rac1 c5 13. Bxf6 gxf6 14. dxc5 Nxc5 15. Qe3 Qb6 16. b4 Na4 17. Qxb6 Nxb6 18. Rc7 Bxf3 19. Bxf3 Bd8 20. Rc6 a5 21. Rc5 Ra7 22. a3 axb4 23. axb4 Ra2 24. Ne4 Rb2 25. Rxb5 Nd5 26. Nc5 Rxb4 27. Rxb4 Nxb4 28. Nd7 Re8 29. Rb1 Be7 30. Nxf6+ Bxf6 31. Rxb4 Kg7 32. Kg2 h6 33. h4 Re7 34. Bh5 Rc7 35. Ra4 Rc5 36. Bf3 Rc7 37. Be4 Be7 38. Bd3 Rd7 39. Rg4+ Kf8 40. Rc4 Kg7 41. Kh3 Bf6 42. f4 Ra7 43. Rc5 Be7 44. Rb5 Bf6 45. Kg4 Bd8 46. Kf3 Be7 47. Rb8 Rc7 48. Ra8 Rb7 49. Kg4 Rc7 50. Kh3 Bd6 51. Ra6 Be7 52. g4 Rc1 53. g5 Rh1+ 54. Kg3 Rg1+ 55. Kf3 Rf1+ 56. Ke4 Rh1 57. Ra7 Bf8 58. gxh6+ Kf6 59. h7 Rxh4 60. Ra8 Kg7 61. Kf3 f5 62. Ra6 Rh3+ 63. Kg2 Rh6 64. Bxf5 Kh8 65. Bd3 Rf6 66. Kf3 Bh6 67. e3 Bf8 68. Kg4 Bh6 69. Ra8+ Rf8 70. Ra6 Rf6 71. Kf3 Bf8 72. Be4 Bg7 73. Kg4 e5 74. Ra8+ Rf8 75. Rxf8+ Bxf8 76. fxe5 Kg7 77. Bf5 Bc5 78. Kf4 Ba3 79. Ke4 Bb2 80. Kd5 Bc1 81. e4 Bb2 82. e6 Kf8 83. Kd6 Bf6 84. Kd7 Kg7 85. e7 1-0

[Event "Match Sweden vs Denmark"]
[Site "Online"]
[Date "2020.12.08"]
[Round "5.1"]
[White "Grandelius, Nils"]
[Black "Ochsner, Bjorn Moller"]
[Result "1-0"]
[ECO "C54"]
[WhiteElo "2663"]
[BlackElo "2505"]
[Annotator "RC"]
[PlyCount "77"]
[EventDate "2020.12.11"]
[EventType "team-tourn"]
[EventCountry "NET"]
[SourceTitle "playchess.com"]
[Source "ChessBase"]
[SourceQuality "1"]
[TimeControl "600+5"]

1. e4 e5 2. Nf3 Nc6 3. d4 exd4 4. Bc4 Bc5 5. c3 Nf6 6. e5 d5 7. Bb5 Ne4 8. cxd4 Bb6 9. Nc3 Bg4 10. Be3 O-O 11. h3 Bh5 12. Qc2 Ba5 13. O-O Bxf3 14. gxf3 Ng5 15. Kg2 Ne6 16. Bxc6 bxc6 17. Ne2 Rb8 18. a3 Qd7 19. b4 Bb6 20. Rac1 Nd8 21. f4 f5 22. Qa4 Ra8 23. Qa6 Qc8 24. Qd3 Qd7 25. Qa6 Qc8 26. Qxc8 Rxc8 27. Rfd1 a5 28. b5 cxb5 29. Nc3 Ne6 30. Nxd5 Kf7 31. Nxb6 cxb6 32. d5 Nc5 33. Rb1 Na4 34. Bd4 Nc3 35. Bxc3 Rxc3 36. Rxb5 Rxa3 37. Rxb6 Rd8 38. Rb7+ Kf8 39. e6 1-0

[Event "Match Sweden vs Denmark"]
[Site "Online"]
[Date "2020.12.08"]
[Round "5.2"]
[White "Thybo, Jesper Sondergaard"]
[Black "Hillarp Persson, Tiger"]
[Result "1-0"]
[ECO "A43"]
[WhiteElo "2565"]
[BlackElo "2543"]
[Annotator "RC"]
[PlyCount "55"]
[EventDate "2020.12.11"]
[EventType "team-tourn"]
[EventCountry "NET"]
[SourceTitle "playchess.com"]
[Source "ChessBase"]
[SourceQuality "1"]
[TimeControl "600+5"]

1. d4 e6 2. c4 c5 3. d5 exd5 4. cxd5 d6 5. Nc3 g6 6. e4 Bg7 7. Nf3 a6 8. Be2 b5 9. O-O Nf6 10. e5 dxe5 11. Nxe5 O-O 12. Bf3 Ra7 13. Nc6 Nxc6 14. dxc6 Qb6 15. Be3 Rc7 16. Qd6 Be6 17. Bxc5 Qb8 18. Qg3 Rfc8 19. Bd6 Qb6 20. Bxc7 Rxc7 21. Rad1 Bf8 22. Rd8 Kg7 23. Qe5 Be7 24. Rdd1 Rxc6 25. Bxc6 Qxc6 26. Rfe1 b4 27. Ne4 a5 28. Ng5 1-0

[Event "Match Sweden vs Denmark"]
[Site "Online"]
[Date "2020.12.08"]
[Round "5.3"]
[White "Andersen, Mads"]
[Black "Blomqvist, Erik"]
[Result "1-0"]
[ECO "E11"]
[WhiteElo "2579"]
[BlackElo "2535"]
[Annotator "RC"]
[PlyCount "71"]
[EventDate "2020.12.11"]
[EventType "team-tourn"]
[EventCountry "NET"]
[SourceTitle "playchess.com"]
[Source "ChessBase"]
[SourceQuality "1"]
[TimeControl "600+5"]

1. d4 Nf6 2. c4 e6 3. Nf3 Bb4+ 4. Bd2 a5 5. a3 Bxd2+ 6. Qxd2 b6 7. Nc3 Bb7 8. Qc2 d6 9. e4 Nbd7 10. Be2 e5 11. O-O exd4 12. Nxd4 O-O 13. b4 Re8 14. f3 Ne5 15. Qd2 Nc6 16. Nc2 Nd7 17. f4 Nf8 18. Bf3 Ne6 19. g3 h6 20. Kg2 Nb8 21. Rad1 axb4 22. axb4 Nd7 23. Ra1 Rxa1 24. Rxa1 Bc6 25. Rd1 Qa8 26. Ra1 Qb8 27. Rd1 Qa8 28. Qd3 g5 29. Qd2 g4 30. Bxg4 Bxe4+ 31. Nxe4 Qxe4+ 32. Bf3 Qg6 33. Bc6 Nxf4+ 34. Kf1 Re2 35. Qxf4 Qxc2 36. Qg4+ 1-0

[Event "Match Sweden vs Denmark"]
[Site "Online"]
[Date "2020.12.08"]
[Round "5.4"]
[White "Johansson, Linus"]
[Black "Bjerre, Jonas Buhl"]
[Result "0-1"]
[ECO "E20"]
[WhiteElo "2486"]
[BlackElo "2551"]
[Annotator "RC"]
[PlyCount "86"]
[EventDate "2020.12.11"]
[EventType "team-tourn"]
[EventCountry "NET"]
[SourceTitle "playchess.com"]
[Source "ChessBase"]
[SourceQuality "1"]
[TimeControl "600+5"]

1. d4 Nf6 2. c4 e6 3. Nc3 Bb4 4. Bd2 O-O 5. Rc1 c5 6. d5 exd5 7. cxd5 d6 8. g3 Re8 9. Bg2 b6 10. e3 Ba6 11. a3 Bxc3 12. Bxc3 Nbd7 13. Ne2 Ne4 14. Qa4 Bd3 15. Nf4 Nxc3 16. Rxc3 b5 17. Qa6 Bc4 18. Qxd6 Nb6 19. Qxc5 Na4 20. Qd4 Nxc3 21. Qxc3 Rc8 22. Qd2 Qe7 23. Ne2 Red8 24. O-O Qe5 25. Rd1 Bb3 26. Qd4 Qxd4 27. Rxd4 Rc2 28. Bf3 Rxb2 29. Rb4 Rb1+ 30. Kg2 Ba2 31. e4 Rxb4 32. axb4 f5 33. Nc3 fxe4 34. Bxe4 Bc4 35. Kf3 a5 36. bxa5 b4 37. Na4 Bxd5 38. Nb6 Bxe4+ 39. Kxe4 b3 40. Nc4 Rc8 41. Nd2 b2 42. a6 Re8+ 43. Kf3 Ra8 0-1

[Event "Match Sweden vs Denmark"]
[Site "Online"]
[Date "2020.12.08"]
[Round "6.2"]
[White "Hillarp Persson, Tiger"]
[Black "Andersen, Mads"]
[Result "1-0"]
[ECO "A11"]
[WhiteElo "2543"]
[BlackElo "2579"]
[Annotator "RC"]
[PlyCount "63"]
[EventDate "2020.12.11"]
[EventType "team-tourn"]
[EventCountry "NET"]
[SourceTitle "playchess.com"]
[Source "ChessBase"]
[SourceQuality "1"]
[TimeControl "600+5"]

1. Nf3 d5 2. c4 c6 3. e3 Nf6 4. Nc3 e6 5. b3 Bd6 6. Bb2 O-O 7. Be2 b6 8. Qc2 Bb7 9. Rg1 Na6 10. g4 e5 11. g5 Nd7 12. cxd5 cxd5 13. Nb5 Rc8 14. Qf5 g6 15. Qh3 Bb8 16. Rg4 Re8 17. Qh6 Nf8 18. h4 Qd7 19. Rg3 Nb4 20. Nh2 f5 21. gxf6 d4 22. h5 Be4 23. hxg6 Bxg6 24. Nf3 dxe3 25. fxe3 e4 26. Rxg6+ Nxg6 27. Ng5 Rf8 28. Bg4 Bg3+ 29. Kf1 Qxb5+ 30. Kg2 Rc7 31. Be6+ Rff7 32. Qg7# 1-0

[Event "Match Sweden vs Denmark"]
[Site "Online"]
[Date "2020.12.08"]
[Round "6.3"]
[White "Blomqvist, Erik"]
[Black "Thybo, Jesper Sondergaard"]
[Result "0-1"]
[ECO "B67"]
[WhiteElo "2535"]
[BlackElo "2565"]
[Annotator "RC"]
[PlyCount "58"]
[EventDate "2020.12.11"]
[EventType "team-tourn"]
[EventCountry "NET"]
[SourceTitle "playchess.com"]
[Source "ChessBase"]
[SourceQuality "1"]
[TimeControl "600+5"]

1. e4 c5 2. Nf3 d6 3. Nc3 Nc6 4. d4 cxd4 5. Nxd4 Nf6 6. Bg5 e6 7. Qd2 a6 8. O-O-O Bd7 9. f3 Nxd4 10. Qxd4 Be7 11. h4 Qc7 12. Kb1 b5 13. g4 h5 14. gxh5 Nxh5 15. Bh3 Qc5 16. Qd2 Bxg5 17. hxg5 Ng3 18. Rh2 b4 19. Ne2 Nxe2 20. Qxe2 Qe5 21. Qd2 Rh4 22. Qxd6 Qxd6 23. Rxd6 Bb5 24. Rdd2 Rd8 25. Rxd8+ Kxd8 26. a4 Bxa4 27. Rd2+ Ke7 28. Bg4 b3 29. cxb3 Bxb3 0-1

[Event "Match Sweden vs Denmark"]
[Site "Online"]
[Date "2020.12.08"]
[Round "6.5"]
[White "Haubro, Martin"]
[Black "Pantzar, Milton"]
[Result "1/2-1/2"]
[ECO "B12"]
[WhiteElo "2437"]
[BlackElo "2421"]
[Annotator "RC"]
[PlyCount "140"]
[EventDate "2020.12.11"]
[EventType "team-tourn"]
[EventCountry "NET"]
[SourceTitle "playchess.com"]
[Source "ChessBase"]
[SourceQuality "1"]
[TimeControl "600+5"]

1. e4 c6 2. d4 d5 3. e5 c5 4. dxc5 e6 5. a3 Bxc5 6. b4 Be7 7. Nf3 a5 8. b5 Nd7 9. Bd3 Qc7 10. Qe2 Nc5 11. O-O Bd7 12. a4 Rc8 13. Be3 f6 14. Bf4 f5 15. Nbd2 Ne4 16. c4 Bc5 17. cxd5 Nc3 18. Qe1 Nxd5 19. Bg3 Bb4 20. Bxf5 Nh6 21. Be4 Nc3 22. Bd3 O-O 23. Nc4 Nf5 24. Nd6 Nxd6 25. exd6 Bxd6 26. Ng5 Bxg3 27. hxg3 Qc5 28. Nxh7 Rf7 29. Bg6 Re7 30. Qd2 Be8 31. Bxe8 Kxh7 32. Qd3+ Qf5 33. Qxf5+ exf5 34. Bh5 Rc4 35. Rfc1 Rxa4 36. Rxa4 Nxa4 37. Ra1 Re4 38. Bf3 Rb4 39. Bxb7 Nc3 40. Bc6 Nxb5 41. Rxa5 Nd4 42. Bf3 Rb3 43. Rd5 Nxf3+ 44. gxf3 g6 45. Kg2 Kh6 46. f4 Kg7 47. Rd7+ Kf6 48. Ra7 Rb2 49. Ra6+ Kf7 50. Ra3 Kf6 51. Re3 Ra2 52. Kf3 Rb2 53. Re2 Rb3+ 54. Kg2 Ra3 55. f3 Ra4 56. Re3 Ra2+ 57. Kh3 Ra4 58. Rb3 Ra1 59. g4 Rh1+ 60. Kg2 Ra1 61. Kf2 Rc1 62. Ke3 Re1+ 63. Kd4 Rd1+ 64. Rd3 Ra1 65. Kd5 Ra5+ 66. Kd6 Ra6+ 67. Kd7 Ra4 68. g5+ Kf7 69. Kd6 Ra6+ 70. Ke5 Ra7 1/2-1/2